[Event "Titled Tuesday Blitz July 11 Early 2023"]
[White "cycygogne"]
[Black "Palacio,Igor Da Paz"]
[BlackFideId "2121140"]
[WhiteElo "2112"]
[BlackElo "2205"]
[Result "1-0"]
[Round "9"]
[TimeControl "180+2"]
[Date "2023.07.11"]
[WhiteClock "0:01:20"]
[BlackClock "0:00:09"]
[Board "152"]

1. e4 c5 2. Nf3 d6 3. d4 cxd4 4. Nxd4 Nf6 5. Nc3 a6 6. Bg5 Nbd7 7. Qf3 e5 8. Nf5 h6 9. Bh4 g5 10. Bg3 Nc5 11. O-O-O Qc7 12. Bc4 Be6 13. Bd5 h5 14. Nxd6+ Bxd6 15. Qxf6 Rg8 16. Bxe6 fxe6 17. Na4 Nxa4 18. Qxe6+ Kf8 19. Rxd6 Re8 20. Qf5+ Kg7 21. Qxg5+ Kf7 22. Qf6# 1-0


[Site "https://www.chess.com"]

[Event "Titled Tuesday Blitz July 11 Early 2023"]
[White "Larina, Maria"]
[Black "Johnson, Ben"]
[WhiteFideId "24113182"]
[BlackFideId "2010917"]
[WhiteElo "2200"]
[BlackElo "2108"]
[Result "0-1"]
[Round "9"]
[TimeControl "180+2"]
[Date "2023.07.11"]
[WhiteClock "0:01:02"]
[BlackClock "0:00:07"]
[Board "153"]

1. e4 c5 2. Nc3 g6 3. g3 Bg7 4. Bg2 Nc6 5. d3 Rb8 6. Be3 d6 7. Qd2 b5 8. Nd1 b4 9. Ne2 Nf6 10. Bh6 O-O 11. h4 Bg4 12. f3 Be6 13. h5 Bh8 14. Bxf8 Qxf8 15. hxg6 fxg6 16. Nf4 Bf7 17. Bh3 Nd4 18. Qf2 e5 19. Ne2 Nxc2+ 20. Kd2 Nxa1 21. Ne3 Re8 22. Rxa1 Be6 23. Bxe6+ Rxe6 24. Rh1 Qe8 25. Nc1 Qd7 26. g4 d5 27. g5 d4 28. Nc4 Nh5 29. Ne2 Re8 30. Qh2 Qe6 31. Ng3 Qe7 32. Qh4 Nxg3 33. Qxg3 Rf8 34. Rh3 Rf4 35. Ke2 Qe6 36. b3 Bg7 37. Qh2 h5 38. gxh6 Bh8 39. h7+ Kf8 40. Rg3 Qf7 41. Qh6+ Qg7 42. Qh4 Rxh4 43. Nd6 Qxh7 44. Rg2 Rh2 45. Kf2 Rxg2+ 46. Kxg2 Qh5 47. Kg3 g5 48. Kg2 Qh4 49. Kf1 Qg3 50. Ke2 g4 51. fxg4 Qxg4+ 52. Kf2 Qf4+ 53. Kg2 Bg7 54. Nc4 Bh6 55. Kh3 Qc1 56. Kg2 Qb1 57. Kf3 Qxa2 58. Kg4 Qxb3 59. Kf5 Qa2 60. Nxe5 Bg7 61. Nd7+ Ke7 62. Nxc5 b3 63. e5 b2 64. Ne4 b1=Q 65. Ng5 Qf1+ 66. Kg6 Qag2 67. Kxg7 Qxg5+ 68. Kh8 Qh3# 0-1


[Site "https://www.chess.com"]

[Event "Titled Tuesday Blitz July 11 Early 2023"]
[White "Ismayilova, Khanim"]
[Black "Novikova, Margarita"]
[WhiteFideId "13429019"]
[BlackFideId "14109689"]
[WhiteElo "2037"]
[BlackElo "2187"]
[Result "0-1"]
[Round "9"]
[TimeControl "180+2"]
[Date "2023.07.11"]
[WhiteClock "0:00:15"]
[BlackClock "0:00:49"]
[Board "154"]

1. c4 c5 2. Nc3 Nc6 3. Nf3 g6 4. e3 Bg7 5. d4 cxd4 6. exd4 e6 7. d5 Ne5 8. Be2 Ne7 9. O-O Nxf3+ 10. Bxf3 O-O 11. Bg5 f6 12. Be3 Nf5 13. Bc5 d6 14. Ba3 e5 15. Ne4 Nd4 16. Bxd6 Nxf3+ 17. Qxf3 f5 18. Bxf8 fxe4 19. Qxe4 Qxf8 20. c5 Bf5 21. Qc4 Rc8 22. Rac1 Kh8 23. Rfd1 b6 24. c6 Qd6 25. h3 g5 26. Rc3 Bg6 27. Rg3 h6 28. Qg4 Rc7 29. Rf3 e4 30. Rb3 Kh7 31. h4 Bf6 32. h5 Bf7 33. Qxe4+ Kg7 34. Qf3 Be5 35. Re3 Bf4 36. Re2 Rxc6 37. dxc6 Qxd1+ 38. Re1 Qxe1# 0-1


[Site "https://www.chess.com"]

[Event "Titled Tuesday Blitz July 11 Early 2023"]
[White "Navyblue1"]
[Black "Schachpanda_Youtube"]
[WhiteElo "1782"]
[BlackElo "2183"]
[Result "0-1"]
[Round "9"]
[TimeControl "180+2"]
[Date "2023.07.11"]
[WhiteClock "0:00:11"]
[BlackClock "0:00:29"]
[Board "155"]

1. d4 d5 2. c4 e6 3. cxd5 exd5 4. Nc3 c6 5. Qc2 Nf6 6. Bg5 Be6 7. e3 h6 8. Bh4 Nbd7 9. Bd3 g5 10. Bg3 Nh5 11. Nge2 Nxg3 12. Nxg3 h5 13. e4 h4 14. Nf5 Qf6 15. e5 Qd8 16. a3 Qb6 17. Na4 Qc7 18. b4 Nxe5 19. Ne3 Nxd3+ 20. Qxd3 O-O-O 21. O-O Bd6 22. h3 g4 23. Nxg4 Bxg4 24. hxg4 Rdg8 25. Qh3 f5 26. gxf5 Kb8 27. f4 Rg3 28. Qh1 Bxf4 29. Rae1 Rhg8 30. Rf2 h3 31. Ree2 Be3 32. Kf1 Bxf2 33. Rxf2 hxg2+ 34. Rxg2 Rxg2 35. Qxg2 Rxg2 36. Kxg2 Qf4 0-1


[Site "https://www.chess.com"]

[Event "Titled Tuesday Blitz July 11 Early 2023"]
[White "abelmat"]
[Black "Calhoun, Luke"]
[BlackFideId "2064421"]
[WhiteElo "1960"]
[BlackElo "2121"]
[Result "1-0"]
[Round "9"]
[TimeControl "180+2"]
[Date "2023.07.11"]
[WhiteClock "0:00:07"]
[BlackClock "0:00:03"]
[Board "156"]

1. d4 d6 2. c4 e5 3. e3 Nf6 4. Nc3 Nbd7 5. dxe5 dxe5 6. Nf3 Bb4 7. Bd2 O-O 8. Be2 c6 9. O-O Qc7 10. a3 Be7 11. Rc1 a5 12. Qc2 Rd8 13. Rfd1 Nc5 14. b4 axb4 15. axb4 Ne6 16. c5 g6 17. Bc4 h6 18. h3 Ng7 19. Qxg6 Bf8 20. Qxf6 Be6 21. Bxe6 Nxe6 22. Qxe5 Qe7 23. Ne4 Bg7 24. Qg3 Kh7 25. Nd6 Ra2 26. Bc3 Bxc3 27. Rxc3 Rg8 28. Qe5 f6 29. Qf5+ Kh8 30. Nh4 Qg7 31. Ne4 Ng5 32. Qxf6 Nxh3+ 33. Kh2 Nxf2 34. Qxg7+ Rxg7 35. Nxf2 Rxf2 36. Rc4 Rb2 37. Rg1 Re2 38. e4 Rg4 39. Nf3 Rexe4 40. Rxe4 Rxe4 41. Rb1 Kg7 42. Kg3 Kf6 43. Rb3 Ke6 44. Kf2 Kd5 45. Kf1 Kc4 46. Nd2+ Kd4 47. Nxe4 1-0


[Site "https://www.chess.com"]

[Event "Titled Tuesday Blitz July 11 Early 2023"]
[White "Adla, Diego"]
[Black "Kopacz, Grzegorz"]
[WhiteFideId "100072"]
[BlackFideId "1109880"]
[WhiteElo "2474"]
[BlackElo "2211"]
[Result "1/2-1/2"]
[Round "9"]
[TimeControl "180+2"]
[Date "2023.07.11"]
[WhiteClock "0:00:53"]
[BlackClock "0:01:39"]
[Board "157"]

1. e4 c5 2. Nf3 Nc6 3. d4 cxd4 4. Nxd4 g6 5. c4 Nf6 6. Nc3 d6 7. Be3 Ng4 8. Qd2 Nxe3 9. Qxe3 Bg7 10. Nf3 O-O 11. Be2 Ne5 12. O-O Nxf3+ 13. Bxf3 Be6 14. Be2 Qa5 15. Rfd1 Rfc8 16. Nd5 Bxd5 17. exd5 Rc7 18. Qd2 Qb6 19. Rab1 a5 20. a4 Qc5 21. b3 b6 22. Bf3 1/2-1/2


[Site "https://www.chess.com"]

[Event "Titled Tuesday Blitz July 11 Early 2023"]
[White "Liu, Casper"]
[Black "Tarnowska, Aleksandra"]
[WhiteFideId "1454153"]
[BlackFideId "1180967"]
[WhiteElo "2487"]
[BlackElo "2106"]
[Result "1-0"]
[Round "9"]
[TimeControl "180+2"]
[Date "2023.07.11"]
[WhiteClock "0:00:55"]
[BlackClock "0:00:15"]
[Board "158"]

1. c3 e5 2. d4 Nc6 3. dxe5 Nxe5 4. Nf3 Ng6 5. h4 h5 6. Bg5 Be7 7. e3 Nf6 8. Bd3 d5 9. Qc2 Nf8 10. Nbd2 Bg4 11. O-O-O Ne6 12. e4 d4 13. Nb3 c5 14. Bb5+ Nd7 15. Bxe7 Qxe7 16. cxd4 cxd4 17. Ne5 Nf8 18. Nxg4 a6 19. Bxd7+ Nxd7 20. Nh2 O-O 21. Kb1 Rac8 22. Qd3 Ne5 23. Qxd4 Rfd8 24. Qe3 Nc4 25. Qe2 Nd6 26. e5 Nb5 27. Rxd8+ Rxd8 28. Rd1 Re8 29. Qxh5 Qc5 30. Nf3 Qxf2 31. e6 g6 32. exf7+ Kxf7 33. Rd7+ Ke6 34. Qd5+ Kf6 35. Rf7# 1-0


[Site "https://www.chess.com"]

[Event "Titled Tuesday Blitz July 11 Early 2023"]
[White "Ho, In Hei Henry"]
[Black "Floresvillar Gonzalez, Luis Migu"]
[WhiteFideId "6002552"]
[BlackFideId "5100542"]
[WhiteElo "2132"]
[BlackElo "2088"]
[Result "1-0"]
[Round "9"]
[TimeControl "180+2"]
[Date "2023.07.11"]
[WhiteClock "0:00:08"]
[BlackClock "0:00:00"]
[Board "159"]

1. d4 d5 2. c4 c6 3. Nf3 Nf6 4. Nc3 dxc4 5. e3 b5 6. b3 cxb3 7. Qxb3 Bb7 8. Ba3 Nbd7 9. Bd3 e6 10. Bxf8 Kxf8 11. O-O Qe7 12. e4 g6 13. Rfe1 Kg7 14. d5 b4 15. dxe6 fxe6 16. e5 Nd5 17. Ne4 Nc5 18. Qc4 Nxd3 19. Qxd3 Rhf8 20. Nd6 Rad8 21. Qd4 Ba6 22. Rac1 Bb5 23. Nxb5 cxb5 24. Qc5 Qxc5 25. Rxc5 Rb8 26. Nd4 Rfe8 27. Rxb5 Rxb5 28. Nxb5 a5 29. Rc1 Rb8 30. Rc5 a4 31. Kf1 b3 32. axb3 axb3 33. Na3 b2 34. Nb1 Ra8 35. Rb5 Ra2 36. Ke2 Ra1 37. Rxb2 Rxb1 38. Rc2 Rb7 39. g3 Kf7 40. Rc6 h5 41. Ra6 g5 42. h4 g4 43. Kf1 Nc3 44. Rc6 Ne4 45. Rc2 Rd7 46. Re2 Nc5 47. Re3 Nd3 48. f3 gxf3 49. Rxf3+ Kg7 50. Ke2 Nxe5 51. Re3 Kf6 52. Re4 Ng4 53. Kf3 e5 54. Ra4 Rd3+ 55. Ke2 Rb3 56. Kf1 Rxg3 57. Ra6+ Kf5 58. Ra8 Rh3 59. Kg2 1-0


[Site "https://www.chess.com"]

[Event "Titled Tuesday Blitz July 11 Early 2023"]
[White "Hernandez Bermudez, Ulises Eduardo"]
[Black "Skiadopoulos, Nikolaos"]
[WhiteFideId "3902510"]
[BlackFideId "4200772"]
[WhiteElo "2128"]
[BlackElo "1920"]
[Result "1-0"]
[Round "9"]
[TimeControl "180+2"]
[Date "2023.07.11"]
[WhiteClock "0:00:10"]
[BlackClock "0:00:00"]
[Board "160"]

1. e4 c5 2. c3 Nf6 3. e5 Nd5 4. d4 cxd4 5. Qxd4 e6 6. Bd3 Nc6 7. Qe4 f5 8. Qe2 Qc7 9. Nf3 Be7 10. O-O a5 11. Na3 Bxa3 12. bxa3 Nxc3 13. Qe1 Nd5 14. Bb2 O-O 15. Rc1 Qd8 16. Bc4 Nce7 17. Qd2 b6 18. Rfd1 Ba6 19. Bb3 b5 20. Qg5 Ng6 21. Rxd5 exd5 22. Bxd5+ Kh8 23. Bxa8 Qxg5 24. Nxg5 Rxa8 25. Rd1 h6 26. Nf7+ Kg8 27. Rxd7 Bc8 28. Rc7 Be6 29. Nd6 b4 30. g3 f4 31. gxf4 Nxf4 32. Rb7 Nd3 33. Bd4 bxa3 34. f3 Nb4 35. Nb5 Nxa2 36. Nxa3 Nb4 37. Nb5 Bd5 38. Rd7 Bc6 39. Ra7 Rd8 40. Nd6 Bxf3 41. Rxa5 Nc6 42. Bb6 Nxa5 43. Bxd8 Nc6 44. e6 Bg4 45. e7 1-0


[Site "https://www.chess.com"]

[Event "Titled Tuesday Blitz July 11 Early 2023"]
[White "Goughfather"]
[Black "Hartikainen, Jarmo"]
[BlackFideId "503134"]
[WhiteElo "2027"]
[BlackElo "2128"]
[Result "0-1"]
[Round "9"]
[TimeControl "180+2"]
[Date "2023.07.11"]
[WhiteClock "0:00:03"]
[BlackClock "0:00:03"]
[Board "161"]

1. d4 Nf6 2. Nc3 e6 3. e4 d5 4. exd5 exd5 5. Bd3 Be7 6. Bg5 O-O 7. Nge2 Bg4 8. f3 Be6 9. Nf4 Qd7 10. Nxe6 Qxe6+ 11. Qe2 Qxe2+ 12. Kxe2 Nc6 13. Be3 Rfe8 14. Kf2 a6 15. Rad1 h6 16. Ne2 Nb4 17. a3 Nxd3+ 18. Rxd3 Bd6 19. Ng3 Bxg3+ 20. hxg3 Re7 21. g4 Rae8 22. Rc3 c6 23. g5 hxg5 24. Bxg5 Re2+ 25. Kg3 Nd7 26. Rd1 Nf8 27. Bd2 Ne6 28. Rd3 g5 29. c3 f6 30. Re3 Rxe3 31. Bxe3 Kg7 32. f4 Kg6 33. fxg5 fxg5 34. Rf1 Rh8 35. Bd2 Rh4 36. Re1 Re4 37. Rxe4 dxe4 38. Kf2 Kf5 39. Ke3 b5 40. b3 Nc7 41. c4 g4 42. a4 bxa4 43. bxa4 Ne6 44. d5 cxd5 45. cxd5 Nc7 46. d6 Ne6 47. Ba5 Nc5 48. Kd4 Nb3+ 49. Kd5 Nxa5 50. d7 Nb7 51. Kc6 Nd8+ 52. Kc7 Ne6+ 53. Kd6 e3 0-1


[Site "https://www.chess.com"]

[Event "Titled Tuesday Blitz July 11 Early 2023"]
[White "Vargas Rodriguez, Wilver"]
[Black "Guzman Moneo, Alberto"]
[WhiteFideId "3509672"]
[BlackFideId "2209616"]
[WhiteElo "2180"]
[BlackElo "2413"]
[Result "0-1"]
[Round "9"]
[TimeControl "180+2"]
[Date "2023.07.11"]
[WhiteClock "0:00:02"]
[BlackClock "0:00:26"]
[Board "163"]

1. Nf3 g6 2. c4 Bg7 3. Nc3 c5 4. g3 Nc6 5. Bg2 e5 6. O-O Nge7 7. d3 d6 8. a3 h6 9. Rb1 a5 10. Nd5 Nxd5 11. cxd5 Nd4 12. Nxd4 cxd4 13. f4 O-O 14. h3 a4 15. b4 axb3 16. Qxb3 Qa5 17. Qb6 Qxb6 18. Rxb6 Ra6 19. Rxa6 bxa6 20. fxe5 Bxe5 21. Bxh6 Re8 22. Bf4 Bxf4 23. Rxf4 Rxe2 24. Rxd4 Ra2 25. Ra4 Rd2 26. Bf1 Kg7 27. h4 Bb7 28. d4 Kf6 29. Bg2 Ke7 30. g4 Bc8 31. Bf3 Kf6 32. Rb4 Ke7 33. Rb8 Bd7 34. Rb6 Bb5 35. Rb7+ Kf6 36. g5+ Kg7 37. Rb6 Rxd4 38. Rxd6 Rxh4 39. Kf2 Ra4 40. Rb6 Rxa3 41. Kg3 Be2 42. Rf6 Rd3 43. Kf2 Bxf3 44. Rxf3 Rxd5 45. Rg3 a5 46. Kg2 a4 47. Kh3 Ra5 48. Kg4 a3 49. Rg1 a2 50. Ra1 Ra3 51. Kf4 Kf8 52. Ke5 Ke7 53. Kf4 Ke6 54. Ke4 Ra4+ 55. Ke3 Kf5 56. Kd3 Kxg5 57. Kc3 f5 58. Kb3 Ra8 59. Kc3 Kf6 60. Kd4 g5 61. Ke3 Ra4 62. Kf3 Ra3+ 63. Kg2 g4 64. Kf2 Kg5 65. Kg2 f4 66. Kf2 g3+ 67. Kg2 Kg4 68. Kf1 f3 69. Kg1 Rb3 70. Rf1 Rb1 71. Rxb1 axb1=Q# 0-1


[Site "https://www.chess.com"]

[Event "Titled Tuesday Blitz July 11 Early 2023"]
[White "neri_gaite"]
[Black "Alimpic, Aleksa"]
[BlackFideId "974323"]
[WhiteElo "2118"]
[BlackElo "2301"]
[Result "0-1"]
[Round "9"]
[TimeControl "180+2"]
[Date "2023.07.11"]
[WhiteClock "0:00:07"]
[BlackClock "0:00:04"]
[Board "164"]

1. c4 g6 2. Nc3 Bg7 3. g3 d6 4. Bg2 e5 5. e3 f5 6. Nge2 Nf6 7. O-O O-O 8. b3 c6 9. d4 e4 10. d5 c5 11. Bb2 Na6 12. a3 Nc7 13. Qd2 Bd7 14. Rae1 Ng4 15. f3 exf3 16. Bxf3 Qg5 17. Nf4 Rae8 18. e4 Bd4+ 19. Kh1 Ne5 20. Bg2 Qh6 21. Nd1 Bxb2 22. Nxb2 g5 23. Nfd3 Nxd3 24. Nxd3 fxe4 25. Rxf8+ Rxf8 26. Bxe4 Qg7 27. Bg2 Re8 28. Rxe8+ Nxe8 29. h3 h6 30. Qe3 Nf6 31. b4 b6 32. bxc5 bxc5 33. Qc1 Nh5 34. Kh2 Qd4 35. Qb1 Qxc4 36. Ne1 Qd4 37. Nf3 Qf6 38. Qb8+ Kf7 39. Qxa7 Qe7 40. Qb6 Nf6 41. a4 Nxd5 42. Qb3 Be6 43. Qd3 Nb4 44. a5 Nxd3 45. Nxg5+ hxg5 46. h4 Qa7 47. hxg5 Ne5 48. Be4 Ng6 49. Kg2 d5 50. Kf2 dxe4 51. Ke3 c4+ 0-1


[Site "https://www.chess.com"]

[Event "Titled Tuesday Blitz July 11 Early 2023"]
[White "Nakamura, Hikaru"]
[Black "Nihal Sarin"]
[WhiteFideId "2016192"]
[BlackFideId "25092340"]
[WhiteElo "3246"]
[BlackElo "3053"]
[Result "1-0"]
[Round "10"]
[TimeControl "180+2"]
[Date "2023.07.11"]
[WhiteClock "0:00:04"]
[BlackClock "0:00:01"]
[Board "1"]

1. a3 d5 2. d4 Nf6 3. Nf3 Bf5 4. c4 c6 5. e3 e6 6. Bd3 Bg6 7. Bxg6 hxg6 8. Nbd2 Nbd7 9. Qc2 Bd6 10. b3 Qe7 11. Bb2 O-O-O 12. b4 Kb8 13. c5 Bc7 14. b5 cxb5 15. Qb3 Qe8 16. a4 b4 17. Qxb4 Ka8 18. Rb1 Nb8 19. Bc3 Qc6 20. Qb5 a6 21. Qb2 Nbd7 22. Nb3 Ne4 23. Ba5 Rb8 24. Bxc7 Qxc7 25. Nbd2 b6 26. cxb6 Rxb6 27. Rc1 Rxb2 28. Rxc7 Ndf6 29. Nxe4 dxe4 30. Nd2 Nd5 31. Rc1 Nb4 32. Ke2 Nd3 33. Rc7 f5 34. f3 Ra2 35. fxe4 fxe4 36. Rf1 Rb8 37. Rff7 Rbb2 38. Rc8+ Rb8 39. Rxb8+ Kxb8 40. Rxg7 Rxa4 41. Nxe4 Nb4 42. Rxg6 Ra2+ 43. Kf3 a5 44. h4 a4 45. Rg5 Kc7 46. Rc5+ Kd8 47. Nc3 Ra1 48. Rc4 Nc2 49. Nxa4 Ne1+ 50. Ke4 Nxg2 51. Nb6 Ra3 52. Rc8+ Ke7 53. Nc4 Rc3 54. Rc7+ Kd8 55. Rc5 Nxh4 56. Ne5 Ra3 57. Rc2 Nf5 58. Nc4 Rb3 59. Kf4 Ke7 60. Rc1 Rb4 61. Ne5 Rb3 62. Re1 Nd6 63. Rh1 Nf5 64. Rh7+ Ke8 65. Ng4 Rb4 66. Ke5 Rb3 67. Kxe6 Nxe3 68. Rh8# 1-0


[Site "https://www.chess.com"]

[Event "Titled Tuesday Blitz July 11 Early 2023"]
[White "Bok, Benjamin"]
[Black "Narayanan.S.L"]
[WhiteFideId "1017063"]
[BlackFideId "5058422"]
[WhiteElo "2992"]
[BlackElo "3041"]
[Result "1/2-1/2"]
[Round "10"]
[TimeControl "180+2"]
[Date "2023.07.11"]
[WhiteClock "0:00:33"]
[BlackClock "0:02:27"]
[Board "2"]

1. d4 Nf6 2. c4 e6 3. Nc3 Bb4 4. Qc2 O-O 5. a3 Bxc3+ 6. Qxc3 d5 7. Bg5 h6 8. Bxf6 Qxf6 9. Nf3 c5 10. cxd5 cxd4 11. Qxd4 Qxd4 12. Nxd4 exd5 13. Rc1 Nc6 14. Nxc6 bxc6 15. Rxc6 Bf5 16. e3 Rfc8 1/2-1/2


[Site "https://www.chess.com"]

[Event "Titled Tuesday Blitz July 11 Early 2023"]
[White "Chigaev, Maksim"]
[Black "Oparin, Grigoriy"]
[WhiteFideId "4108116"]
[BlackFideId "24125890"]
[WhiteElo "2947"]
[BlackElo "2966"]
[Result "0-1"]
[Round "10"]
[TimeControl "180+2"]
[Date "2023.07.11"]
[WhiteClock "0:00:00"]
[BlackClock "0:00:12"]
[Board "3"]

1. e4 c5 2. b3 Nc6 3. Bb2 e5 4. Bc4 Nf6 5. d3 d6 6. Ne2 a6 7. a4 Be7 8. O-O O-O 9. Nbc3 Be6 10. f4 Qd7 11. f5 Bxc4 12. bxc4 Nd4 13. a5 Rfb8 14. Bc1 h6 15. g4 Nxg4 16. Nxd4 exd4 17. Qxg4 dxc3 18. Bxh6 Bf6 19. Kh1 Kf8 20. Bg5 b5 21. axb6 Rxb6 22. Qh4 Ke7 23. Rae1 Qc7 24. Rg1 Rf8 25. Qh7 Ke8 26. Bxf6 gxf6 27. Qg7 Qe7 28. Rb1 Rb2 29. Rxb2 cxb2 30. Rb1 Qe5 31. Qg3 Qd4 32. Qe1 Kd7 33. Qa5 Rb8 34. Qa4+ Kc7 35. Qxa6 Qc3 36. Qa4 Rb7 37. Kg1 Qd2 0-1


[Site "https://www.chess.com"]

[Event "Titled Tuesday Blitz July 11 Early 2023"]
[White "Aravindh, Chithambaram VR."]
[Black "Makarian, Rudik"]
[WhiteFideId "5072786"]
[BlackFideId "44105681"]
[WhiteElo "2947"]
[BlackElo "2956"]
[Result "0-1"]
[Round "10"]
[TimeControl "180+2"]
[Date "2023.07.11"]
[WhiteClock "0:00:00"]
[BlackClock "0:00:13"]
[Board "4"]

1. b3 d5 2. Bb2 Bg4 3. Nf3 Bxf3 4. exf3 e6 5. f4 Nf6 6. g3 g6 7. Bg2 Bg7 8. O-O O-O 9. d3 c5 10. Nd2 Nc6 11. c3 Qd6 12. Nf3 b5 13. Qe2 Nd7 14. d4 cxd4 15. cxd4 Rab8 16. Ne5 Rfc8 17. Rfc1 Ndxe5 18. fxe5 Qb4 19. Qd1 Bh6 20. Rc5 Bf8 21. Rc2 Ne7 22. Rac1 Rxc2 23. Rxc2 Rc8 24. Bf1 Rxc2 25. Qxc2 Nf5 26. a3 Qa5 27. b4 Qb6 28. Qc3 a6 29. Bd3 Ne7 30. Bc1 Qc6 31. Qb2 Nc8 32. Bg5 Nb6 33. h4 Na4 34. Qe2 Qc3 35. Qe3 Qxa3 36. h5 Nb2 37. hxg6 hxg6 38. Qc1 Qxb4 39. Bxg6 fxg6 40. Qc8 Kf7 41. Qd7+ Be7 42. Kg2 Nc4 43. Qc8 Bxg5 44. Qh8 Be7 45. Qh7+ Ke8 46. Qg8+ Kd7 47. Qa8 Qa5 48. Qb7+ Qc7 49. Qxa6 Qb6 50. Qa8 b4 51. Qa4+ Kc7 52. Qe8 Bd8 53. Qf7+ Kc8 54. Qxg6 b3 55. Qb1 b2 56. g4 Na3 57. Qa2 b1=Q 58. Qxa3 Qe4+ 59. f3 Qc2+ 60. Kg3 Qc4 61. Qa8+ Kc7 0-1


[Site "https://www.chess.com"]

[Event "Titled Tuesday Blitz July 11 Early 2023"]
[White "Zakhartsov, Vladimir"]
[Black "Firouzja, Alireza"]
[WhiteFideId "4145097"]
[BlackFideId "12573981"]
[WhiteElo "2923"]
[BlackElo "3089"]
[Result "1/2-1/2"]
[Round "10"]
[TimeControl "180+2"]
[Date "2023.07.11"]
[WhiteClock "0:00:15"]
[BlackClock "0:00:32"]
[Board "5"]

1. d4 Nf6 2. c4 g6 3. Nc3 Bg7 4. e4 d6 5. h3 O-O 6. Be3 Na6 7. Nf3 e5 8. Bd3 Re8 9. O-O exd4 10. Bxd4 Nc5 11. Re1 Ne6 12. Be3 c6 13. Bc2 a6 14. a4 a5 15. Qd2 Nd7 16. Qxd6 Ne5 17. Qxd8 Nxf3+ 18. gxf3 Rxd8 19. Rad1 Nd4 20. Bxd4 Rxd4 21. Rxd4 Bxd4 22. Rd1 Bf6 23. Kg2 Be6 24. Bd3 Rd8 25. Be2 Rxd1 26. Nxd1 Be5 27. b3 Kf8 28. f4 Bxf4 29. Bg4 Bxg4 30. hxg4 Be5 31. f3 Ke7 32. Nf2 Bd4 33. Nd3 Kf6 34. f4 h5 35. Kg3 Ke6 36. gxh5 gxh5 37. Kh4 Be3 38. Kxh5 Bxf4 39. Nxf4+ Ke5 40. Nd3+ Kd4 41. Nc1 Kxe4 42. Kg5 f5 43. Ne2 Kd3 44. Nf4+ Kc3 45. Ne6 Kxb3 46. Nc5+ Kxc4 47. Nxb7 Kb4 48. Kxf5 Kxa4 49. Ke4 Kb4 50. Kd3 a4 51. Kc2 c5 52. Nxc5 Kxc5 53. Kb2 a3+ 54. Kxa3 1/2-1/2


[Site "https://www.chess.com"]

[Event "Titled Tuesday Blitz July 11 Early 2023"]
[White "Ibarra Jerez, Jose Carlos"]
[Black "Dubov, Daniil"]
[WhiteFideId "2226332"]
[BlackFideId "24126055"]
[WhiteElo "2918"]
[BlackElo "3077"]
[Result "0-1"]
[Round "10"]
[TimeControl "180+2"]
[Date "2023.07.11"]
[WhiteClock "0:00:00"]
[BlackClock "0:00:07"]
[Board "6"]

1. e4 e5 2. Nf3 Nf6 3. Nc3 Nc6 4. h3 Bc5 5. Nxe5 O-O 6. Nxc6 dxc6 7. d3 Bd4 8. Be2 Nd7 9. O-O Ne5 10. Kh2 f5 11. exf5 Bxf5 12. f4 Ng6 13. Ne4 Qh4 14. Bg4 Ne7 15. Qe1 Qh6 16. Qg3 Rae8 17. c3 Bf6 18. Bd2 Rd8 19. Nxf6+ Qxf6 20. Be2 c5 21. Rae1 b6 22. Bc1 Rd7 23. Qf3 Rfd8 24. Rd1 h6 25. Rfe1 Be6 26. a3 Bb3 27. Rd2 Nd5 28. Rf1 Re7 29. Bd1 Bxd1 30. Rdxd1 Qf5 31. Rde1 Rde8 32. g4 Qd7 33. Bd2 Qd6 34. Rxe7 Rxe7 35. Kg2 a5 36. Rf2 a4 37. c4 Nf6 38. Bc3 Nd7 39. f5 Ne5 40. Bxe5 Qxe5 41. f6 Rf7 42. Qa8+ Kh7 43. fxg7 Rxf2+ 44. Kxf2 Qxb2+ 45. Kf3 Qf6+ 46. Kg2 Qb2+ 47. Kf3 Qf6+ 48. Kg2 Kxg7 49. Qxa4 Qb2+ 50. Kf3 Qf6+ 51. Kg2 Qd4 52. Qc2 Qe3 53. Qc3+ Kg6 54. Qh8 Qe2+ 55. Kg1 Qe1+ 56. Kg2 Qe2+ 57. Kg1 Qxd3 58. Qg8+ Kf6 59. Qh8+ Kg5 0-1


[Site "https://www.chess.com"]

[Event "Titled Tuesday Blitz July 11 Early 2023"]
[White "Grandelius, Nils"]
[Black "Bluebaum, Matthias"]
[WhiteFideId "1710400"]
[BlackFideId "24651516"]
[WhiteElo "2874"]
[BlackElo "3042"]
[Result "0-1"]
[Round "10"]
[TimeControl "180+2"]
[Date "2023.07.11"]
[WhiteClock "0:00:02"]
[BlackClock "0:00:36"]
[Board "7"]

1. Nf3 d5 2. e3 Nf6 3. c4 e6 4. b3 Bd6 5. Bb2 O-O 6. Nc3 c5 7. cxd5 exd5 8. Be2 Nc6 9. O-O Re8 10. Rc1 a6 11. Na4 Nd7 12. d4 cxd4 13. Nxd4 Nde5 14. Nxc6 Nxc6 15. Bf3 Be6 16. g3 Rc8 17. Bxd5 Bxg3 18. Bxe6 Bxh2+ 19. Kxh2 Qc7+ 20. f4 Rxe6 21. Rf3 Rd8 22. Qe2 Red6 23. Rc2 Qd7 24. Rg3 f6 25. Nc5 Qf7 26. Ne4 Re6 27. Qg2 Kh8 28. f5 Qh5+ 29. Rh3 Qxf5 30. Nc5 Red6 31. Nxb7 Qxc2 32. Qxc2 Rd2+ 33. Qxd2 Rxd2+ 34. Kg3 Rxb2 35. Rh4 Rxa2 36. Rc4 Ne7 37. Rc7 Nf5+ 38. Kf3 h5 39. e4 Nd4+ 40. Ke3 Ne6 41. Nd6 Nxc7 0-1


[Site "https://www.chess.com"]

[Event "Titled Tuesday Blitz July 11 Early 2023"]
[White "Kollars, Dmitrij"]
[Black "Pakleza, Zbigniew"]
[WhiteFideId "12909572"]
[BlackFideId "1119290"]
[WhiteElo "3007"]
[BlackElo "2827"]
[Result "1-0"]
[Round "10"]
[TimeControl "180+2"]
[Date "2023.07.11"]
[WhiteClock "0:00:05"]
[BlackClock "0:00:00"]
[Board "8"]

1. e4 d6 2. d4 Nf6 3. Nc3 c6 4. f4 Qb6 5. Be2 e5 6. Nf3 exd4 7. Qxd4 Nbd7 8. O-O d5 9. Qxb6 Nxb6 10. e5 Bc5+ 11. Kh1 Ng4 12. Nd1 Nh6 13. Be3 Bxe3 14. Nxe3 Nf5 15. Nxf5 Bxf5 16. Nd4 Be4 17. Bf3 Bxf3 18. Rxf3 g6 19. a4 a5 20. Kg1 O-O-O 21. b3 Nd7 22. Re1 Rde8 23. Rfe3 Kc7 24. g3 Nc5 25. Kg2 Kb6 26. Kf3 Ne6 27. c3 h5 28. Rd1 Re7 29. Re2 Nc5 30. Rc2 Rd8 31. h3 Rh8 32. Rb2 Kc7 33. Ra2 Rd7 34. Re2 Ne6 35. Re3 Kb6 36. Rg1 c5 37. Nb5 d4 38. Rd3 Rhd8 39. Rgd1 Kc6 40. Ke4 dxc3 41. Nxc3 Nd4 42. Nb5 1-0


[Site "https://www.chess.com"]

[Event "Titled Tuesday Blitz July 11 Early 2023"]
[White "He, Anthony"]
[Black "Gorovets, Andrey"]
[WhiteFideId "2088215"]
[BlackFideId "13504037"]
[WhiteElo "2999"]
[BlackElo "2779"]
[Result "0-1"]
[Round "10"]
[TimeControl "180+2"]
[Date "2023.07.11"]
[WhiteClock "0:00:15"]
[BlackClock "0:00:03"]
[Board "9"]

1. e4 c5 2. Nf3 Nc6 3. d4 cxd4 4. Nxd4 Nf6 5. Nc3 e5 6. Ndb5 d6 7. Nd5 Nxd5 8. exd5 Ne7 9. c4 Ng6 10. Qa4 Bd7 11. Qb4 Qb8 12. Be3 a6 13. Nc3 Be7 14. Be2 O-O 15. O-O Nf4 16. Bf3 Nd3 17. Qb3 f5 18. Be2 Nc5 19. Qc2 a5 20. Rad1 b6 21. f4 Bf6 22. Kh1 Qd8 23. b3 Qe7 24. Rfe1 Rae8 25. Bf2 Qf7 26. fxe5 Bxe5 27. Bf3 g5 28. g3 h5 29. Nb5 Bxb5 30. cxb5 g4 31. Bg2 h4 32. a3 h3 33. Bf1 f4 34. gxf4 Qxf4 35. Bg3 Qf3+ 36. Kg1 Kg7 37. Bxe5+ Rxe5 38. Rxe5 dxe5 39. Qe2 Qf4 40. d6 g3 41. Bxh3 gxh2+ 42. Qxh2 Qe3+ 43. Kh1 Ne4 44. Qxe5+ Kh6 45. Qe6+ Rf6 46. Qc8 Nf2+ 47. Kh2 Qf4+ 48. Kg2 Rg6+ 49. Kf1 Nxd1+ 50. Ke2 Qf2+ 51. Kd3 Rxd6+ 52. Ke4 Qd4+ 53. Kf5 Rf6# 0-1


[Site "https://www.chess.com"]

[Event "Titled Tuesday Blitz July 11 Early 2023"]
[White "Deac, Bogdan-Daniel"]
[Black "Maximov, Dmitry"]
[WhiteFideId "1226380"]
[BlackFideId "14105659"]
[WhiteElo "2987"]
[BlackElo "2798"]
[Result "1-0"]
[Round "10"]
[TimeControl "180+2"]
[Date "2023.07.11"]
[WhiteClock "0:00:36"]
[BlackClock "0:00:20"]
[Board "10"]

1. b3 Nf6 2. Bb2 d6 3. d4 g6 4. g3 Bg7 5. Bg2 O-O 6. Nf3 Bf5 7. O-O Qc8 8. Re1 a5 9. c4 Bh3 10. Bh1 Re8 11. Ng5 Bd7 12. Nc3 h6 13. Nf3 e5 14. dxe5 dxe5 15. Nd5 Nxd5 16. cxd5 Na6 17. Rc1 Qd8 18. Nd2 f5 19. e4 f4 20. Nc4 a4 21. bxa4 Qg5 22. a5 h5 23. h4 Qf6 24. d6 c6 25. Qd2 Rad8 26. gxf4 Qxh4 27. Nxe5 Rxe5 28. Bxe5 Bxe5 29. fxe5 Rf8 30. Rc3 Kh7 31. Rg3 Nc5 32. Qg5 Qxg5 33. Rxg5 Ne6 34. Rg3 Ra8 35. Rb1 Nc5 36. Rc3 Na4 37. Rc4 1-0


[Site "https://www.chess.com"]